 Dungeon Crawl Stone Soup version 0.27.1-33-g824d729ab1 (webtiles) character file.

Game seed: 2494900919216417961

36 DenSaoPin the Chucker (level 3, 0/33 HPs)
             Began as an Ogre Arcane Marksman on Nov 30, 2021.
             Was an Initiate of Ashenzari.
             Slain by a goblin (3 damage)
             ... on level 1 of the Dungeon.
             The game lasted 00:05:21 (1629 turns).

DenSaoPin the Chucker (Ogre Arcane Marksman)        Turns: 1629, Time: 00:05:22

Health: 0/33       AC:  3    Str: 14    XL:     3   Next: 37%
Magic:  4/4        EV:  9    Int: 14    God:    Ashenzari [......]
Gold:   26         SH:  0    Dex: 10    Spells: 3/4 levels left

rFire    . . .     SeeInvis .   f - +0 long sword
rCold    . . .     Faith    .   (no shield)
rNeg     . . .     Spirit   .   a - +0 robe
rPois    .         Reflect  .   (helmet restricted)
rElec    .         Harm     .   (no cloak)
rCorr    .         Rampage  .   (gloves unavailable)
Will     .....                  (boots unavailable)
Stlth    +.........             (no amulet)
HPRegen  0.11/turn              (no ring)
MPRegen  0.09/turn              (no ring)

@: no status effects
A: large, unfitting armour, tough skin 1
a: Renounce Religion, Curse Item


You were on level 1 of the Dungeon.
You worshipped Ashenzari.
Ashenzari was noncommittal.
You visited 1 branch of the dungeon, and saw 2 of its levels.

You collected 26 gold pieces.

Inventory:

Hand Weapons
 f - a +0 long sword (weapon)
Missiles
 c - 2 throwing nets (quivered)
 d - 34 stones
Armour
 a - a +0 robe (worn)
Scrolls
 e - a scroll of enchant armour
 g - a scroll of identify
 h - a scroll of teleportation
 j - a scroll of blinking
Potions
 i - a potion of magic


   Skills:
 - Level 1.3 Fighting
 + Level 3.7 Throwing
 - Level 1.7 Dodging
 - Level 1.2 Spellcasting
 - Level 2.6 Hexes


You had 3 spell levels left.
You knew the following spells:

 Your Spells              Type           Power      Damage    Failure   Level
a - Corona                Hex            8%         N/A       9%          1

Your spell library contained the following spells:

 Spells                   Type           Power      Damage    Failure   Level
 Slow                     Hex            8%         N/A       13%         2
 Inner Flame              Hex/Fire       4%         N/A       41%         3
 Portal Projectile        Hex/Tloc       8%         N/A       41%         3
 Cause Fear               Hex            4%         N/A       65%         4


Dungeon Overview and Level Annotations

Branches:
Dungeon (2/15)

Altars:
Ashenzari

Annotations:
D:2 Terence


Innate Abilities, Weirdness & Mutations

You are too large for most types of armour.
You have tough skin. (AC +1)


Message History

Aim: Terence, wielding a +0 trident and wearing a +0 ring mail (60% to hit)
Okay, then.
Throw: 4 large rocks
Press: ? - help, Q - select action, (/) - cycle Shift-Dir - straight line, f - Terence
Aim: Terence, wielding a +0 trident and wearing a +0 ring mail (60% to hit)
You throw a large rock.
The large rock hits Terence but does no damage.
Throw: 3 large rocks
Press: ? - help, Q - select action, (/) - cycle Shift-Dir - straight line, f/p - Terence
Aim: Terence, wielding a +0 trident and wearing a +0 ring mail (60% to hit)
You throw a large rock. The large rock hits Terence!!
Terence is almost dead.
Terence hits you from afar with a +0 trident!
Terence barely misses you.
Throw: 2 large rocks
Press: ? - help, Q - select action, (/) - cycle Shift-Dir - straight line, f/p - Terence
Aim: Terence, wielding a +0 trident and wearing a +0 ring mail (almost dead, 60% to hit)
You throw a large rock. The large rock barely misses Terence.
The rat twitches its whiskers.
The rat bites you but does no damage.
A goblin comes into view. It is wielding a +0 dagger.
Terence hits you from afar with a +0 trident.
The rat barely misses you.
Terence hits you from afar with a +0 trident.
Throw: large rock
Press: ? - help, Q - select action, (/) - cycle Shift-Dir - straight line, f/p - Terence
Aim: Terence, wielding a +0 trident and wearing a +0 ring mail (almost dead, 60% to hit)
You throw a large rock. The large rock closely misses Terence.
The rat barely misses you. Terence misses you. The rat barely misses you.
You riposte.
You barely miss the rat. The goblin hits you with a +0 dagger.
Terence hits you from afar with a +0 trident!
* * * LOW HITPOINT WARNING * * *
The rat bites you but does no damage. The goblin completely misses you.
Terence hits you from afar with a +0 trident!
* * * LOW HITPOINT WARNING * * *
You climb upwards.
There is a stone staircase leading down here.
You see here a +0 short sword.
The goblin hits you with a +0 dagger.
You die...

#. ###### #. #....# ##### #.
####.####### #...# ##.
#.#.....# #...# #####..
#.#.....# #...# #......
#.#.....# #...# ##......
#.#.....###...#####.......
#.#.....r@........+.......
#.#.....g##########.......
###†#.####..................
#...#.# ###........#####...
#.###.# #........# #... #.#
#.######........#####... #.#
#.........^.........#... #.#
#######.............#### #.#
####.............#


You could see a goblin and a rat.

Vanquished Creatures
  2 dart slugs (D:1)
  3 bats (D:1)
  3 endoplasms (D:1)
  2 giant cockroaches (D:1)
  6 goblins (D:1)
  2 jackals (D:1)
  2 kobolds (D:1)
  A quokka (D:1)
  4 ball pythons (D:1)
  A frilled lizard (D:1)
26 creatures vanquished.

Notes
Turn   | Place    | Note
-------+----------+-------------------------------------------
     0 | D:1      | DenSaoPin the Ogre Arcane Marksman began the quest for the
                  | Orb.
     0 | D:1      | Reached XP level 1. HP: 19/19 MP: 2/2
   211 | D:1      | Reached XP level 2. HP: 15/27 MP: 3/3
   676 | D:1      | Reached skill level 3 in Throwing
  1059 | D:1      | Reached XP level 3. HP: 19/33 MP: 4/4
  1458 | D:1      | Found a faded altar of an unknown god.
  1594 | D:1      | Became a worshipper of Ashenzari the Shackled
  1622 | D:2      | Noticed Terence
  1629 | D:1      | Slain by a goblin

Illustrated notes

Levels and vault maps discovered:
D:1:      dpeg_arrival_rhombi, layout_basic, ebering_ecumenical_altar_petrified,
          chequers_garden, st_stairs_4
D:2:      layout_basic, uniq_terence

Skill      XL: |  1  2 |
---------------+-------+-----
Throwing       | 3 |  3.7
Fighting       | |  1.3
Dodging        | |  1.7
Spellcasting   | |  1.2
Hexes          | |  2.6

Action                   || total
-------------------------++-------
Melee: Unarmed           ||    17
       Long sword        ||    25
Throw: Stone             ||    73
       Large rock        ||     8
Armor: Robe              ||    33
Dodge: Dodged            ||    42
       Rpst.: Long sword ||     8
